 Dungeon Crawl Stone Soup version 0.25.0-17-g773c8c6189 (webtiles) character file.

Game seed: 11253369371773190598

653 hapalochlaena the Shield-Bearer (level 7, -7/46 HPs)
             Began as an Octopode Fighter on June 30, 2020.
             Was an Initiate of Ashenzari.
             Mangled by a gnoll
             ... wielding a +0 spear
              (10 damage)
             ... on level 5 of the Dungeon.
             The game lasted 00:08:34 (3681 turns).

hapalochlaena the Shield-Bearer (Octopode Fighter)  Turns: 3681, Time: 00:08:34

Health: -7/46      AC:  1    Str: 16    XL:     7   Next: 54%
Magic:  7/7        EV: 12    Int: 11    God:    Ashenzari [......]
Gold:   245        SH: 10    Dex: 12    Spells: 6/6 levels left

rFire    . . .     SeeInvis .   o - +3 rapier (venom)
rCold    . . .     Gourm    .   b - +0 kite shield
rNeg     . . .     Faith    .   (helmet restricted)
rPois    .         Spirit   .   (no amulet)
rElec    .         Reflect  .   (no ring)
rCorr    .         Harm     .   (no ring)
MR       .....                  (no ring)
Stlth    ++........             (no ring)
HPRegen  0.15/turn              (no ring)
MPRegen  0.10/turn              (no ring)
                                (no ring)
                                (no ring)

@: no status effects
A: almost no armour, stealthy swim, amphibious, 8 rings, constrict 8, camouflage
1, gelatinous body 1
a: Curse Item, Renounce Religion


You were on level 5 of the Dungeon.
You worshipped Ashenzari.
Ashenzari was noncommittal.
You were not hungry.

You visited 1 branch of the dungeon, and saw 5 of its levels.

You collected 245 gold pieces.

Inventory:

Hand Weapons
 a - a +0 long sword
 o - a +3 rapier of venom (weapon)
Armour
 b - a +0 kite shield (worn)
Wands
 q - a wand of paralysis (4)
Scrolls
 f - a scroll of enchant weapon {unknown}
 g - 5 scrolls of identify {unknown}
 h - a scroll of fear {unknown}
 j - 4 scrolls of random uselessness {unknown}
 k - 2 scrolls of teleportation {unknown}
 l - 2 scrolls of amnesia {unknown}
 m - a scroll of enchant armour {unknown}
Potions
 c - a potion of might
 e - a potion of flight
 i - a potion of cancellation {unknown}
 n - 2 potions of curing {unknown}
 p - a potion of ambrosia {unknown}
Comestibles
 d - 6 rations
 r - a chunk of flesh


   Skills:
 - Level 3.0 Fighting
 - Level 6.0 Long Blades
 - Level 3.0 Dodging
 + Level 6.3 Shields


You had 6 spell levels left.
You didn't know any spells.
Your spell library was empty.

Dungeon Overview and Level Annotations

Branches:
Dungeon (5/15)             Temple (0/1) D:4

Altars:
Ashenzari
The Shining One


Innate Abilities, Weirdness & Mutations

You cannot wear most types of armour.
You are very stealthy in the water. (Stealth+)
You are amphibious.
You can wear up to eight rings at the same time.
You can use your tentacles to constrict eight enemies at once.
Your skin changes colour to match your surroundings (Stealth+).
Your rubbery body absorbs attacks. (AC +1, EV +1)


Message History

The gnoll is heavily wounded.
You constrict the gnoll.
The gnoll hits you from afar with a +0 spear.
The gnoll completely misses you.
You hit the gnoll.
The gnoll is poisoned.
You squeeze the gnoll.
You kill the gnoll!
The gnoll hits you from afar with a +0 spear!
You are too injured to fight recklessly!
You are too injured to fight recklessly!
You are too injured to fight recklessly!
You block the gnoll's attack.
You see here a +0 whip.
You barely miss the gnoll. You grab the gnoll. You constrict the gnoll.
The gnoll hits you with a +0 spear!
You puncture the gnoll!
The gnoll looks as sick as possible!
The gnoll is severely wounded.
You constrict the gnoll. The gnoll hits you with a +0 spear!
* * * LOW HITPOINT WARNING * * *
The crimson imp blinks!
The gnoll hits you with a +0 spear!
You die...

.# #...# # ##5#
#.#.######.....
#.#.. ... ...
#... .....#
#..# ##.#..#
#..# #..g§.#
###..## #@#
#.....# #.#
#.###.####.#
#.# #).....#
#.###.######
#...÷.######.#
####..<.......
###########


You could see a gnoll (extremely poisoned) and a crimson imp.

Vanquished Creatures
  Eustachio (D:4)
  A centaur (D:3)
  An ogre (D:5)
  A water moccasin skeleton (D:4)
  2 howler monkeys (D:4)
  An orc wizard (D:3)
  A hound zombie (D:4)
  5 gnolls
  4 adders
  2 oozes
  2 worms
  4 dart slugs
  2 leopard geckos
  6 orcs
  7 giant cockroaches
  8 goblins
  7 hobgoblins
  8 jackals
  A quokka (D:4)
  9 bats
  9 frilled lizards
  7 kobolds
  6 rats
95 creatures vanquished.

Notes
Turn   | Place    | Note
-------+----------+-------------------------------------------
     0 | D:1      | hapalochlaena the Octopode Fighter began the quest for the
                  | Orb.
     0 | D:1      | Reached XP level 1. HP: 16/16 MP: 1/1
   321 | D:1      | Reached XP level 2. HP: 21/21 MP: 2/2
   524 | D:1      | Reached XP level 3. HP: 26/26 MP: 3/3
   934 | D:2      | Reached XP level 4. HP: 30/31 MP: 4/4
  1203 | D:2      | Found a shattered altar of Ashenzari.
  1376 | D:3      | Noticed a centaur
  1392 | D:3      | Killed a centaur
  1392 | D:3      | Reached skill level 5 in Long Blades
  1392 | D:3      | Reached XP level 5. HP: 16/36 MP: 5/5
  2030 | D:3      | Reached XP level 6. HP: 42/42 MP: 6/6
  2110 | D:3      | Found a glowing golden altar of the Shining One.
  2333 | D:2      | Became a worshipper of Ashenzari the Shackled
  2790 | D:4      | Noticed Eustachio
  2940 | D:4      | Killed Eustachio
  2940 | D:4      | Reached skill level 5 in Shields
  2940 | D:4      | Reached XP level 7. HP: 46/46 MP: 7/7
  2941 | D:4      | Found a staircase to the Ecumenical Temple.
  3545 | D:5      | Entered Level 5 of the Dungeon
  3681 | D:5      | Mangled by a gnoll

Illustrated notes

Levels and vault maps discovered:
D:1:      minmay_arrival_open_corners, layout_basic
D:2:      layout_rooms, ashenzari_conservatory_becter
D:3:      layout_rooms, nicolae_tso_swordbearing_angel
D:4:      layout_basic, minmay_temple_entry_waves, first_ration, uniq_eustachio
D:5:      layout_loops_ring, nicolae_ossuary_entry_plus,
          makhleb_blood_cavern_becter

Skill      XL: |  1  2  3  4  5  6  7 |
---------------+----------------------+-----
Long Blades    | 3 4 5 6 |  6.0
Shields        | 5 6 |  6.3
Fighting       | |  3.0
Dodging        | |  3.0

Action                   |  1- 3 |  4- 6 |  7- 9 || total
-------------------------+-------+-------+-------++-------
Melee: Long sword        |    62 |   109 |       ||   171
       Tentacles         |    19 |    22 |     3 ||    44
       Constrict         |    18 |    33 |     3 ||    54
       Rapier            |       |       |    10 ||    10
  Use: Potion            |       |     3 |       ||     3
 Stab: Sleeping          |     5 |     2 |       ||     7
       Distracted        |       |     1 |       ||     1
  Eat: Chunk             |       |     7 |     2 ||     9
Armor: Skin              |     6 |    12 |       ||    18
Dodge: Dodged            |    37 |    63 |     3 ||   103
Block: Kite shield       |    27 |    64 |     1 ||    92
       Rpst.: Long sword |    13 |    19 |       ||    32
